 Dungeon Crawl Stone Soup version 0.27.1-1-g398f81649c (webtiles) character file.

Game seed: 5219631835626755980

35 Gwenloh the Grave Robber (level 3, -3/28 HPs)
             Began as a Hill Orc Necromancer on Sept 7, 2021.
             Slain by an iguana (6 damage)
             ... on level 2 of the Dungeon.
             The game lasted 00:07:44 (2156 turns).

Gwenloh the Grave Robber (Hill Orc Necromancer)     Turns: 2156, Time: 00:07:44

Health: -3/28      AC:  3    Str: 10    XL:     3   Next: 35%
Magic:  1/5        EV: 11    Int: 16    God:
Gold:   89         SH:  0    Dex: 11    Spells: 0/5 levels left

rFire    . . .     SeeInvis .   i - +0 rapier
rCold    . . .     Faith    .   (no shield)
rNeg     . . .     Spirit   .   e - +0 leather armour
rPois    .         Reflect  .   (no helmet)
rElec    .         Harm     .   (no cloak)
rCorr    .         Rampage  .   (no gloves)
Will     .....                  (no boots)
Stlth    +.........             (no amulet)
HPRegen  0.09/turn              (no ring)
MPRegen  0.09/turn              (no ring)

@: no status effects
A: no striking features
a: no special abilities


You were on level 2 of the Dungeon.
You visited 1 branch of the dungeon, and saw 3 of its levels.

You collected 89 gold pieces.

Inventory:

Hand Weapons
 b - a +0 dagger
 i - a +0 rapier (weapon)
Missiles
 c - 43 stones
Armour
 e - a +0 leather armour (worn)
Scrolls
 a - a scroll of identify {unknown}
 d - 2 scrolls of enchant weapon {unknown}
 f - a scroll of blinking {unknown}
 g - a scroll of brand weapon {unknown}
 h - 2 scrolls of vulnerability {unknown}
 k - a scroll of teleportation {unknown}
Potions
 j - a potion of lignification {unknown}


   Skills:
 + Level 1.3 Fighting
 + Level 1.2 Armour
 - Level 1.5 Dodging
 - Level 1.5 Stealth
 + Level 1.9 Spellcasting
 * Level 4.4 Necromancy


You couldn't memorise any spells.
You knew the following spells:

 Your Spells              Type           Power      Damage    Failure   Level
a - Pain                  Necr           60%        1d7       4%          1
b - Animate Skeleton      Necr           30%        N/A       4%          1
c - Vampiric Draining     Necr           7%         2d7       13%         3

Your spell library contained the following spells:

 Spells                   Type           Power      Damage    Failure   Level
 Beastly Appendage        Tmut           2%         N/A       28%         1
 Wereblood                Tmut           1%         N/A       38%         2
 Animate Dead             Necr           7%         N/A       41%         4
 Spider Form              Tmut/Pois      0%         N/A       63%         3
 Agony                    Necr           15%        N/A       77%         5


Dungeon Overview and Level Annotations

Branches:
Dungeon (3/15)

Altars:

Shops:
D:2 :


Message History

Press: ? - help, Shift-Dir - straight line, f/p - iguana
Aim: an iguana (severely wounded)
You miscast Vampiric Draining.
You are very lightly contaminated with residual magic.
Nothing appears to happen.
The iguana barely misses you. The bat misses you. The iguana bites you!
You climb upwards.
There is a stone staircase leading down here.
Casting: Vampiric Draining (quite dangerous; 13% risk of failure)
Confirm with . or Enter, or press ? or * to list all spells.
You don't have enough magic to cast this spell.
An iguana is nearby!
You don't have enough magic to cast this spell.
You hit the iguana.
The iguana is almost dead.
The iguana closely misses you.
You closely miss the iguana.
The iguana is almost dead.
The iguana completely misses you.
You hit the iguana.
The iguana is almost dead.
The iguana bites you.
You hit the iguana but do no damage.
The iguana is almost dead.
The iguana barely misses you.
You hit the iguana but do no damage.
The iguana is almost dead.
The iguana bites you. The iguana bites you!
* * * LOW HITPOINT WARNING * * *
Your magical contamination has completely faded away.
You hit the iguana but do no damage.
The iguana is almost dead.
The iguana closely misses you.
You barely miss the iguana.
The iguana is almost dead.
The iguana barely misses you.
You barely miss the iguana.
The iguana is almost dead.
The iguana bites you.
You die...

#..# #........###.##.#
##..#######..####.##
#.##.# .............#
#.# #.##.#
#...#.#####.## #.#
#.##.# #...#.# #.# #.#
#.##.# #...#.# #.# #.#
#.##.#######
....#.#####.#####.#
#.##......<.
##..........##..l>#
#.##########
##............#@.# #.#
############...#####.#
##........# ##########


You could see an iguana.

Vanquished Creatures
  An adder (D:2)
  A ball python (D:1)
  4 endoplasms
  A giant cockroach (D:1)
  2 kobolds (D:1)
  3 bats (D:1)
  7 goblins
  4 rats (D:1)
23 creatures vanquished.

Vanquished Creatures (collateral kills)
  A dart slug (D:2)
1 creature vanquished.

Grand Total: 24 creatures vanquished

Notes
Turn   | Place    | Note
-------+----------+-------------------------------------------
     0 | D:1      | Gwenloh the Hill Orc Necromancer began the quest for the
                  | Orb.
     0 | D:1      | Reached XP level 1. HP: 14/14 MP: 3/3
   340 | D:1      | Found a faded altar of an unknown god.
   379 | D:1      | Reached XP level 2. HP: 20/22 MP: 1/4
  1151 | D:2      | Learned a level 1 spell: Animate Skeleton
  1172 | D:2      | Reached skill level 1 in Fighting
  1223 | D:2      | Found Egguj's Book Shop.
  1264 | D:2      | Reached skill level 1 in Armour
  1264 | D:2      | Reached XP level 3. HP: 14/28 MP: 3/5
  1637 | D:2      | Learned a level 3 spell: Vampiric Draining
  2156 | D:2      | Slain by an iguana

Illustrated notes

Levels and vault maps discovered:
D:1:      ncdulo_smallfort, layout_basic, shapermc_ecumenical_altar_totnotflames
D:2:      layout_loops_ring, serial_shops, nicolae_shop_crystal
D:3:      layout_basic

Skill      XL: |  1  2 |
---------------+-------+-----
Fighting       | 1 |  1.3
Armour         | 1 |  1.2
Dodging        | |  1.5
Stealth        | |  1.5
Spellcasting   | |  1.9
Necromancy     | |  4.4

Action                   || total
-------------------------++-------
Melee: Dagger            ||    13
       Rapier            ||    10
 Cast: Pain              ||    44
       Animate Skeleton  ||     2
 Stab: Sleeping          ||     2
Armor: Robe              ||     6
Dodge: Dodged            ||    19
